 Dungeon Crawl Stone Soup version 0.21.1-1-g345015f (webtiles) character file.

36 Monsterracer the Insei (level 3, 5/26 HPs)
             Began as an Octopode Monk on Feb 13, 2018.
             Quit the game on level 2 of the Dungeon.
             The game lasted 00:00:42 (274 turns).

Monsterracer the Insei (Octopode Monk)               Turns: 274, Time: 00:00:43

Health: 5/26       AC:  1    Str: 10    XL:     3   Next: 37%
Magic:  3/3        EV: 14    Int: 12    God:
Gold:   32         SH:  0    Dex: 15    Spells: 2/2 levels left

rFire    . . .     SeeInvis .     - Unarmed
rCold    . . .     Gourm    .   (no shield)
rNeg     + . .     Faith    .   (helmet restricted)
rPois    .         Spirit   .   (no amulet)
rElec    .         Reflect  .   b - ring of positive energy {!d}
rCorr    .         Harm     .   (no ring)
MR       .....                  (no ring)
Stlth    +++.......             (no ring)
HPRegen  0.08/turn              (no ring)
MPRegen  0.08/turn              (no ring)
                                (no ring)
                                (no ring)

@: lethally poisoned (5 -> -3)
A: almost no armour, stealthy swim, amphibious, 8 rings, constrict 8, camouflage
1, gelatinous body 1
a: no special abilities


You were on level 2 of the Dungeon.
You were not hungry.

You visited 1 branch of the dungeon, and saw 2 of its levels.

You collected 32 gold pieces.

Inventory:

Jewellery
 b - a ring of positive energy (left tentacle) {!d}
Scrolls
 d - 2 scrolls of magic mapping {unknown}
 f - 2 scrolls of identify {unknown}
 g - a scroll of teleportation {unknown}
 h - a scroll of enchant weapon {unknown}
Potions
 e - a potion of cancellation
Comestibles
 c - a ration


   Skills:
 + Level 3.3 Fighting
 + Level 3.3 Dodging
 + Level 3.3 Stealth
 * Level 3.5 Unarmed Combat


You had 2 spell levels left.
You didn't know any spells.

Dungeon Overview and Level Annotations

Branches:
Dungeon (1/15)

Altars:


Innate Abilities, Weirdness & Mutations

You cannot wear most types of armour.
You are very stealthy in the water. (Stealth+)
You are amphibious.
You can wear up to eight rings at the same time.
You can use your tentacles to constrict eight enemies at once.
Your skin changes colour to match your surroundings (Stealth+).
Your rubbery body absorbs attacks. (AC +1, EV +1)


Message History

a hobgoblin corpse; Health restored: 26 A bat is nearby!
A bat is nearby!
A bat is nearby!
Found a short sword.
The bat misses you. The bat barely misses you.
Found a purple potion.
You tentacle-slap the bat but do no damage.
Your grab misses the bat. Your squeeze misses the bat. The bat hits you.
You take 1 damage, and have 25/26 hp.
The bat hits you.
Found a ring mail.
You take 1 damage, and have 24/26 hp.
You closely miss the bat. Your grab misses the bat. The bat closely misses you.
A bat is nearby!
You tentacle-slap the bat.
You kill the bat!
No target in view!
Key pressed, stopping explore.
No target in view!
Key pressed, stopping explore.
No target in view!
Health restored: 26 No target in view!
You now have 18 gold pieces (gained 3).
e - 2 sedimented pink potions;
f - a scroll labeled FAUKU SEAH
Things that are here:
a club; a hobgoblin corpse
g - a scroll labeled BOT KUOKARAV
f - 2 scrolls labeled FAUKU SEAH (gained 1)
d - 2 scrolls labeled QENLUO LEALUSOIS (gained 1)
You now have 32 gold pieces (gained 14).
h - a scroll labeled QOULOR ASAMP A goblin comes into view.
The goblin shouts!
You hear an angry hiss.
Found a scroll labeled ITORAYNIHU.
Found 7 bolts.
An adder comes into view.
There are monsters nearby!
The goblin hits you.
You take 2 damage, and have 24/26 hp.
You tentacle-slap the goblin but do no damage.
You grab the goblin. You constrict the goblin. The goblin hits you.
The adder bites you.
You take 6 damage, and have 18/26 hp.
MASSIVE DAMAGE!!
You miss the adder. Your grab misses the adder. You constrict the goblin.
The goblin misses you. The adder bites you.
You are poisoned.
The adder poisons you!
You take 2 damage, and have 16/26 hp.
You closely miss the adder. You grab the adder. You constrict the adder.
You constrict the goblin.
You kill the goblin!
You feel sick. The adder bites you.
You are more poisoned.
The adder poisons you!
You take 2 damage, and have 14/26 hp.
You tentacle-slap the adder but do no damage.
The adder is lightly wounded.
You constrict the adder.
You feel sick. The adder misses you. The adder barely misses you.
You take 1 damage, and have 13/26 hp.
You tentacle-slap the adder but do no damage.
The adder is moderately wounded.
You constrict the adder. The adder bites you.
* * * LOW HITPOINT WARNING * * *
You are lethally poisoned!
The adder poisons you!
You take 2 damage, and have 11/26 hp.
You barely miss the adder.
You kill the adder!
* * * LOW HITPOINT WARNING * * *
You feel sick.
You take 1 damage, and have 10/26 hp.
It was a potion of might.
You feel very mighty all of a sudden.
* * * LOW HITPOINT WARNING * * *
You feel sick.
You take 1 damage, and have 9/26 hp.
It was a potion of cancellation.
Your magical effects are unravelling.
You feel magically purged.
You feel a little less mighty now.
* * * LOW HITPOINT WARNING * * *
You feel sick.
You take 1 damage, and have 8/26 hp.
* * * LOW HITPOINT WARNING * * *
You feel sick.
You see here an adder corpse.
You take 1 damage, and have 7/26 hp.
* * * LOW HITPOINT WARNING * * *
You feel sick.
You take 1 damage, and have 6/26 hp.
* * * LOW HITPOINT WARNING * * *
You feel sick.
* * * LOW HITPOINT WARNING * * *
You feel sick.
You take 1 damage, and have 5/26 hp.
Unknown command.
Are you sure you want to abandon this character and quit the game? (Confirm with "yes".)

###########
#....?....#
#.........#
#.........#
#........(# ....#
#..†...@..#
..#.#######.###.####
#.....%.......#.#
.....###......#.#
##...###......#.#
......##......#.#
†.............#.#
.......#......#.#
.....>.†......#.#


There were no monsters in sight!

Vanquished Creatures
  2 adders (D:2)
  A worm (D:2)
  2 goblins
  2 hobgoblins
  A quokka (D:2)
  5 bats
  A frilled lizard (D:1)
  A kobold (D:1)
  2 rats
17 creatures vanquished.

Notes
Turn   | Place    | Note
-------+----------+-------------------------------------------
     0 | D:1      | Monsterracer the Octopode Monk began the quest for the Orb.
     0 | D:1      | Reached XP level 1. HP: 16/16 MP: 1/1
    59 | D:1      | Reached XP level 2. HP: 19/21 MP: 2/2
    86 | D:1      | You fall through a shaft!
   147 | D:2      | Reached XP level 3. HP: 23/26 MP: 3/3
   264 | D:2      | HP: 13/26 [poisoned by an adder]
   269 | D:2      | HP: 7/26 [poisoned by an adder]
   274 | D:2      | Quit the game

Skill      XL: |  1  2 |
---------------+-------+-----
Stealth        | 3 |  3.3
Fighting       | |  3.3
Dodging        | |  3.3
Unarmed Combat | |  3.5

Action                   || total
-------------------------++-------
Melee: Unarmed           ||    37
       Tentacles         ||     8
       Constrict         ||     8
  Use: Potion            ||     2
 Stab: Sleeping          ||     2
Armor: Skin              ||     8
Dodge: Dodged            ||    30

Vault maps used:
D:1:      dpeg_arrival_tiny_k, tso_metal_star
D:2:      makhleb_blood_cavern_becter
